 Dungeon Crawl Stone Soup version 0.23.2-11-gf996548c65 (webtiles) character file.

Game seed: 17786506782161547677

6449 c14n the Slinger (level 11, -2/72 HPs)
             Began as a Halfling Hunter on June 4, 2019.
             Was an Elder of Nemelex Xobeh.
             Slain by a two-headed ogre
             ... wielding a +0 giant club
              (25 damage)
             ... on level 10 of the Dungeon.
             The game lasted 01:53:23 (12121 turns).

c14n the Slinger (Halfling Hunter)                 Turns: 12121, Time: 01:53:27

Health: -2/72      AC: 12    Str: 13    XL:     11   Next: 18%
Magic:  13/15      EV: 11    Int: 12    God:    Nemelex Xobeh [****..]
Gold:   235        SH:  6    Dex: 18    Spells: 10/10 levels left

rFire    . . .     SeeInvis .   a - +2 hunting sling
rCold    . . .     Gourm    .   b - +0 buckler
rNeg     . . .     Faith    .   L - +1 chain mail {MR+}
rPois    .         Spirit   .   t - +1 helmet
rElec    .         Reflect  .   (no cloak)
rCorr    .         Harm     .   (no gloves)
MR       +....                  A - +2 pair of boots {Fly}
Stlth    ..........             H - amulet of regeneration
HPRegen  0.62/turn              i - +2 ring of intelligence
MPRegen  0.14/turn              (no ring)

@: corroded, flying
A: small, mutation resistance 1
a: Draw Escape, Draw Destruction, Draw Summoning, Triple Draw, Deal Four,
Renounce Religion, Stop Flying


You were on level 10 of the Dungeon.
You worshipped Nemelex Xobeh.
Nemelex Xobeh was greatly pleased with you.
You were not hungry.

You visited 1 branch of the dungeon, and saw 10 of its levels.

You collected 558 gold pieces.
You spent 323 gold pieces at shops.

Inventory:

Hand Weapons
 a - a +2 hunting sling (weapon)
 f - a +1 dagger of speed
 n - a +1 dagger of draining
 r - a +2 mace of crushing
 w - a +2 dagger of venom
 M - a +0 whip of electrocution
 Q - a +0 hand crossbow
Missiles
 k - 182 stones (quivered)
 p - 71 arrows
 u - 10 javelins
 B - 32 sling bullets
Armour
 b - a +0 buckler (worn)
 e - a +0 ring mail
 g - a +1 leather armour
 t - a +1 helmet (worn)
 z - a +0 scale mail
 A - a +2 pair of boots of flying (worn)
 L - a +1 chain mail of magic resistance (worn)
Jewellery
 i - a +2 ring of intelligence (left hand)
 H - an amulet of regeneration (around neck)
 O - an uncursed ring of flight
Wands
 h - a wand of random effects (28)
 j - a wand of digging (4)
 x - a wand of iceblast (6)
Scrolls
 l - a scroll of blinking
 o - a scroll of fear
 q - 6 scrolls of remove curse
 s - a scroll of amnesia
 v - 2 scrolls of enchant armour
 y - a scroll of immolation {unknown}
 C - 4 scrolls of teleportation
 K - a scroll of random uselessness {unknown}
Potions
 c - 2 potions of lignification
 d - 3 potions of brilliance
 D - a potion of haste
 E - a potion of resistance
 F - 2 potions of magic
 G - a potion of agility
 I - 2 potions of curing
 J - 2 potions of might
Miscellaneous
 N - a lamp of fire (inert)
Comestibles
 m - 10 rations
 P - 10 chunks of flesh


   Skills:
 + Level 6.3 Fighting
 + Level 6.2 Short Blades
 - Level 1.2 Maces & Flails
 + Level 12.6(12.8) Slings
 + Level 2.3(6.2) Throwing
 + Level 6.5 Armour
 + Level 5.2 Dodging
 + Level 3.0 Stealth
 + Level 4.6 Shields
 * Level 6.2 Invocations
 + Level 0.1 Evocations


You had 10 spell levels left.
You didn't know any spells.
Your spell library contained the following spells:

 Spells                   Type           Power        Failure   Level  Hunger
 Confusing Touch          Hex            #.....       100%        1    ##.....
 Shock                    Conj/Air       #...         100%        1    ##.....
 Summon Small Mammal      Summ           #...         100%        1    ##.....
 Swiftness                Chrm/Air       #.......     100%        2    ###....
 Confuse                  Hex            #.......     100%        3    ####...
 Gell's Gravitas          Tloc           #.........   100%        3    ####...
 Static Discharge         Conj/Air       #.......     100%        3    ####...
 Airstrike                Air            #.........   100%        4    #####..
 Petrify                  Tmut/Erth      #.......     100%        4    #####..
 Lightning Bolt           Conj/Air       #.........   100%        5    ######.
 Metabolic Englaciation   Hex/Ice        #.........   100%        5    ######.
 Yara's Violent Unravell  Hex/Tmut       #.........   100%        5    ######.


Dungeon Overview and Level Annotations

Branches:
Dungeon (10/15)            Temple (0/1) D:5            Lair (0/6) D:10
    Orc: D:9-12

Altars:
Cheibriados
Nemelex Xobeh
Qazlal
Sif Muna
Trog
Zin
The Shining One

Shops:
D:4 *   D:7 *=}*   D:9 *

Annotations:
D:2 Sigmund
D:10 exclusion: oklob plant


Innate Abilities, Weirdness & Mutations

You are small and have problems with some larger weapons.
You are somewhat resistant to further mutation.


Message History

Press: ? - help, Shift-Dir - straight line, f/p - two-headed ogre
Aim: a two-headed ogre, wielding two +0 giant clubs (lightly wounded)
You shoot a stone. The stone hits the two-headed ogre.
The two-headed ogre is moderately wounded.
The jelly hits you. The acid corrodes you!
You are splashed with acid!
You draw a card...
You have drawn Velocity.
Nothing appears to happen.
The two-headed ogre hits you with a +0 giant club! x2
* * * LOW HITPOINT WARNING * * *
The jelly hits you but does no damage.
You feel better. The jelly barely misses you.
You draw a card...
You have drawn Velocity.
Nothing appears to happen.
The two-headed ogre barely misses you. x2; You block the jelly's attack.
You draw... (choose one card, ? for their descriptions)
a - the Cloud
b - the Elixir
c - the Cloud You have drawn the Cloud.
Clouds appear around you!
The two-headed ogre hits you with a +0 giant club!!
You die...
Your body disappears without a glow.

#..PPPP...#..# #.# #(
#P..##.#..## #.#
.#.(#..%#..#...########.#
..#(..≈...#..#..<÷....#.#
....(###.....######......
..(..(......#### #......
...(..§§§.......# #......
#..((§O§####.### #......
#....§>@# .# #......
#..[..§J# # .......
..#....§§§ ##...... #
###..##?# ####### ##. ..
.† ..# .## .## #. ##


You could see a two-headed ogre and a jelly.

Vanquished Creatures
  A two-headed ogre (D:10)
  A troll (D:7)
  A hornet (D:8)
  2 hippogriffs
  A fire bat (D:8)
  A wyvern (D:9)
  3 yaks (D:10)
  Menkaure (D:7)
  Edmund (D:6)
  Duvessa (D:5)
  2 orc warriors (D:8)
  2 black bears (D:8)
  7 ogres
  3 phantoms
  2 necrophages
  4 big kobolds
  4 bullfrogs
  A wyvern skeleton (D:7)
  Dowan (D:5)
  6 killer bees
  5 howler monkeys
  A crimson imp (D:5)
  2 bullfrog zombies (D:9)
  A centaur zombie (D:6)
  An orc priest (D:7)
  10 hounds
  10 orc wizards
  A bullfrog skeleton (D:4)
  A gnoll shaman (D:4)
  2 jellies
  2 centaur skeletons (D:5)
  An iguana (D:9)
  9 worker ants
  A howler monkey zombie (D:8)
  Robin (D:2)
  20 gnolls
  2 howler monkey skeletons
  9 adders
  3 shadow imps
  3 oozes
  3 worms (D:2)
  An adder skeleton (D:4)
  3 dart slugs
  2 leopard geckos (D:8)
  34 orcs
  4 ball pythons
  8 bats
  5 giant cockroaches
  11 goblins
  12 hobgoblins
  7 jackals
  5 quokkas
  5 frilled lizards
  21 kobolds
  5 rats
  5 plants (D:10)
261 creatures vanquished.

Vanquished Creatures (others)
  A black bear (D:8)
  A slave (D:8)
  A bullfrog skeleton (D:8)
  An orc wizard (D:10)
  A ball lightning (D:8)
  An orc (D:4)
6 creatures vanquished.

Grand Total: 267 creatures vanquished

Notes
Turn   | Place    | Note
-------+----------+-------------------------------------------
     0 | D:1      | c14n the Halfling Hunter began the quest for the Orb.
     0 | D:1      | Reached XP level 1. HP: 14/14 MP: 1/1
    18 | D:1      | Reached skill level 6 in Slings
    99 | D:1      | Reached XP level 2. HP: 19/19 MP: 2/2
   836 | D:2      | Found a glowing golden altar of the Shining One.
   853 | D:2      | Reached XP level 3. HP: 24/24 MP: 3/3
  1143 | D:2      | Reached skill level 7 in Slings
  1269 | D:2      | Reached skill level 1 in Short Blades
  1357 | D:2      | Reached XP level 4. HP: 29/29 MP: 4/4
  1379 | D:2      | Noticed Robin
  1382 | D:2      | Killed Robin
  1802 | D:2      | Reached XP level 5. HP: 26/35 MP: 5/5
  2048 | D:2      | Reached skill level 8 in Slings
  2048 | D:2      | Reached XP level 6. HP: 41/41 MP: 6/6
  2145 | D:2      | Noticed Sigmund
  2198 | D:2      | Found a sparkling altar of Nemelex Xobeh.
  2202 | D:2      | Became a worshipper of Nemelex Xobeh the Trickster
  2471 | D:3      | Reached skill level 1 in Maces & Flails
  2482 | D:3      | Received a gift from Nemelex Xobeh
  2546 | D:3      | Noticed a hellwing
  2548 | D:3      | Noticed a red devil
  2548 | D:3      | a hellwing changed into a red devil
  2889 | D:3      | Found a sparkling altar of Nemelex Xobeh.
  3123 | D:3      | Received a gift from Nemelex Xobeh
  3129 | D:3      | Reached * piety under Nemelex Xobeh
  3946 | D:4      | Reached XP level 7. HP: 44/46 MP: 7/7
  4090 | D:4      | Reached skill level 9 in Slings
  4161 | D:4      | Found a bloodstained altar of Trog.
  4183 | D:4      | Found Carumesu's Assorted Antiques.
  4194 | D:4      | Received a gift from Nemelex Xobeh
  5196 | D:4      | Reached skill level 1 in Armour
  5252 | D:5      | Entered Level 5 of the Dungeon
  5431 | D:5      | Found a staircase to the Ecumenical Temple.
  5549 | D:5      | Noticed Duvessa
  5549 | D:5      | Noticed Dowan
  5569 | D:5      | Killed Dowan
  5569 | D:5      | Reached XP level 8. HP: 54/54 MP: 8/8
  5583 | D:5      | Killed Duvessa
  5593 | D:5      | Reached ** piety under Nemelex Xobeh
  5821 | D:5      | Found a stormy altar of Qazlal.
  5911 | D:5      | Reached skill level 10 in Slings
  5998 | D:5      | Received a gift from Nemelex Xobeh
  6055 | D:5      | Found a snail-covered altar of Cheibriados.
  6775 | D:6      | Reached skill level 1 in Invocations
  6994 | D:6      | Noticed Edmund
  6999 | D:6      | Killed Edmund
  6999 | D:6      | Reached skill level 1 in Shields
  7101 | D:6      | Found a glowing silver altar of Zin.
  7221 | D:7      | Reached XP level 9. HP: 59/59 MP: 10/10
  7433 | D:7      | Received a gift from Nemelex Xobeh
  7444 | D:7      | Noticed a hippogriff
  7449 | D:7      | Killed a hippogriff
  7449 | D:7      | Reached skill level 5 in Fighting
  7773 | D:7      | Reached skill level 11 in Slings
  8290 | D:7      | Found Dagoil's Assorted Antiques.
  8302 | D:7      | Bought a scroll of identify for 38 gold pieces
  8302 | D:7      | Bought a pair of embroidered boots for 142 gold pieces
  8302 | D:7      | Bought a dented diamond amulet for 95 gold pieces
  8370 | D:7      | Reached *** piety under Nemelex Xobeh
  8383 | D:7      | Received a gift from Nemelex Xobeh
  8487 | D:7      | Noticed Menkaure
  8495 | D:7      | Killed Menkaure
  8504 | D:7      | Noticed a troll
  8524 | D:7      | Killed a troll
  8528 | D:7      | Found Valy's Gadget Emporium.
  8563 | D:7      | Found Lisoerch's Jewellery Emporium.
  8636 | D:7      | Found Cynaman's Assorted Antiques.
  8641 | D:7      | Bought a scroll of identify for 48 gold pieces
  8862 | D:7      | Reached XP level 10. HP: 65/65 MP: 13/13
  9021 | D:8      | Reached skill level 1 in Throwing
  9271 | D:8      | Noticed Pikel
  9272 | D:8      | Noticed Pikel
  9272 | D:8      | Pikel changed into Pikel the hornet
  9276 | D:8      | Killed Pikel the hornet
  9276 | D:8      | Reached skill level 12 in Slings
  9340 | D:8      | Reached skill level 5 in Short Blades
  9450 | D:8      | Received a gift from Nemelex Xobeh
 10098 | D:8      | Reached **** piety under Nemelex Xobeh
 10098 | D:8      | Received a gift from Nemelex Xobeh
 10329 | D:8      | Reached skill level 5 in Invocations
 10542 | D:9      | Reached skill level 5 in Armour
 10824 | D:9      | Found a deep blue altar of Sif Muna.
 10834 | D:9      | Found Qatobesch's Assorted Antiques.
 11267 | D:9      | Received a gift from Nemelex Xobeh
 11425 | D:9      | Identified Sif Muna's Compendium of Creation
 11827 | D:10     | Entered Level 10 of the Dungeon
 11853 | D:10     | Reached skill level 5 in Dodging
 11930 | D:10     | Noticed an oklob plant
 11988 | D:10     | Found a staircase to the Lair.
 12004 | D:10     | Reached XP level 11. HP: 39/71 MP: 15/15
 12054 | D:10     | Noticed a two-headed ogre
 12070 | D:10     | Killed a two-headed ogre
 12107 | D:10     | Noticed a two-headed ogre
 12121 | D:10     | Slain by a two-headed ogre

Skill      XL: |  1  2  3  4  5  6  7  8  9 10 11 |
---------------+----------------------------------+-----
Slings         | 6 7 8 9 10 11 12 | 12.6
Short Blades   | 1 3 4 5 6 |  6.2
Fighting       | 2 3 4 5 6 |  6.3
Maces & Flails | 1 |  1.2
Dodging        | 3 4 5 |  5.2
Armour         | 2 3 4 6 |  6.5
Invocations    | 2 4 5 6 |  6.2
Shields        | 1 2 4 |  4.6
Stealth        | 2 3 |  3.0
Throwing       | 2 |  2.3
Evocations     | |  0.1

Action                   |  1- 3 |  4- 6 |  7- 9 | 10-12 || total
-------------------------+-------+-------+-------+-------++-------
Melee: Short sword       |    40 |     6 |       |       ||    46
       Mace              |       |    36 |    15 |       ||    51
       Dagger            |       |    38 |   235 |   346 ||   619
       Whip              |       |       |       |     8 ||     8
 Fire: Hunting sling     |    64 |   123 |   162 |   184 ||   533
Throw: Stone             |     2 |    12 |    14 |    43 ||    71
Invok: Triple Draw       |       |       |       |     1 ||     1
 Abil: Draw Destruction  |       |     7 |    13 |    21 ||    41
       Draw Escape       |       |     1 |     4 |     5 ||    10
       Draw Summoning    |       |     1 |       |       ||     1
Evoke: Lamp of fire      |       |       |       |     1 ||     1
  Use: Scroll            |     3 |     1 |    11 |     3 ||    18
       Potion            |       |     2 |       |     1 ||     3
  Eat: Ration            |     1 |     2 |     3 |     2 ||     8
       Chunk             |       |     1 |     4 |     2 ||     7
Armor: Leather armour    |     8 |       |       |       ||     8
       Animal skin       |       |    10 |       |       ||    10
       Scale mail        |       |     4 |    35 |       ||    39
       Chain mail        |       |       |    43 |   173 ||   216
Dodge: Dodged            |    32 |    60 |   132 |   155 ||   379
Block: Buckler           |       |       |    38 |   107 ||   145
